 Dungeon Crawl Stone Soup version 0.31-a0-431-g88bdf31460 (webtiles) character file.

Game seed: 720956038694234510

382 randomguy2701 the Covered (level 6, -3/56 HPs)
             Began as a Minotaur Fighter on July 31, 2023.
             Slain by a gnoll
             ... wielding a +0 halberd
              (10 damage)
             ... on level 4 of the Dungeon.
             The game lasted 00:01:49 (2496 turns).

randomguy2701 the Covered (Minotaur Fighter)        Turns: 2496, Time: 00:01:49

Health: -3/56      AC:  7    Str: 20    XL:     6   Next: 47%
Magic:  5/5        EV: 10    Int:  5    God:
Gold:   149        SH:  5    Dex: 12    Spells: 5/5 levels left

rFire   . . .        a - +0 war axe
rCold   . . .        c - +0 buckler
rNeg    . . .        b - +0 scale mail
rPois   .            (helmet restricted)
rElec   .            (no cloak)
rCorr   .            (no gloves)
SInv    .            (no boots)
Will    .....        (no amulet) Stlth
                     (no ring)
HPRegen 0.29/turn    (no ring)
MPRegen 0.09/turn

%: no passive effects
@: no status effects
A: horns 2, retaliatory headbutt
a: no special abilities


You were on level 4 of the Dungeon.
You visited 1 branch of the dungeon, and saw 4 of its levels.

You collected 149 gold pieces.

Inventory:

Hand Weapons
 a - a +0 war axe (weapon)
Missiles
 j - a throwing net
Armour
 b - a +0 scale mail (worn)
 c - a +0 buckler (worn)
Jewellery
 g - a ring of magical power
Wands
 m - a wand of quicksilver (8)
Scrolls
 e - 2 scrolls of immolation {unknown}
 f - a scroll of torment {unknown}
 h - 3 scrolls of summoning {unknown}
 i - 3 scrolls of identify {unknown}
 l - a scroll of amnesia {unknown}
 n - a scroll of enchant weapon {unknown}
Potions
 d - a potion of might
 k - a potion of mutation {unknown}
 o - a potion of curing {unknown}
 p - 2 potions of degeneration {unknown}


   Skills:
 + Level 5.1 Fighting
 + Level 5.1 Axes
 + Level 5.2 Armour
 + Level 2.2 Dodging
 + Level 0.1 Stealth
 + Level 4.4 Shields


You had 5 spell levels left.
You didn't know any spells.
Your spell library was empty.

Dungeon Overview and Level Annotations

Branches:
Dungeon (4/15)
 Temple: D:4-7

Altars:


Innate Abilities, Weirdness & Mutations

You have a pair of horns on your head.
You reflexively headbutt those who attack you in melee.


Message History

A gnoll comes into view. It is wielding a +0 whip.
A gnoll is nearby!
A gnoll is nearby!
A gnoll is nearby!
A gnoll comes into view. It is wielding a +0 halberd.
The gnoll shouts!
A gnoll comes into view. It is wielding a +0 spear.
The gnoll shouts!
The gnoll hits you with a +0 whip.
You closely miss the gnoll. The gnoll closely misses you. x2
You furiously retaliate!
You headbutt the gnoll! You closely miss the gnoll.
The gnoll is almost dead.
The gnoll closely misses you. The gnoll hits you but does no damage.
You slash the gnoll!
You kill the gnoll!
The gnoll hits you from afar with a +0 halberd.
Found an escape hatch in the ceiling.
The gnoll hits you with a +0 halberd! The gnoll hits you with a +0 spear.
You hit the gnoll but do no damage. You closely miss the gnoll.
The gnoll barely misses you. The gnoll hits you but does no damage.
You closely miss the gnoll. You headbutt the gnoll!
The gnoll is heavily wounded.
You closely miss the gnoll. The gnoll closely misses you.
You furiously retaliate!
You headbutt the gnoll. The gnoll misses you.
The gnoll hits you with a +0 spear. The gnoll hits you with a +0 halberd.
You barely miss the gnoll.
The gnoll is severely wounded.
You closely miss the gnoll. The gnoll hits you with a +0 halberd.
The gnoll hits you with a +0 spear.
You are too injured to fight recklessly!
You hit the gnoll but do no damage.
The gnoll is severely wounded.
You closely miss the gnoll. The gnoll hits you with a +0 halberd!
* * * LOW HITPOINT WARNING * * *
The gnoll closely misses you.
You closely miss the gnoll. You headbutt the gnoll.
The gnoll is almost dead.
You barely miss the gnoll. The gnoll hits you with a +0 halberd!
You die...

#.#.# #.#.# #####'#.# #.......#
#.......# #.<.....#####
#....gg...... #######@# ########
#.....).# <....... +.......#
.......# #.......# ######
.......# #.......###....#######
.......# ####+##...............
.......# ##...........#########
........ ................††......
.#############.......############


You could see 2 gnolls.

Vanquished Creatures
  An ogre (D:4)
  2 orc priests (D:3)
  2 orc wizards (D:3)
  11 adders
  A gnoll (D:4)
  A worm (D:3)
  A dart slug (D:1)
  14 orcs
  4 ball pythons
  A bat (D:1)
  3 endoplasms
  5 giant cockroaches
  A goblin (D:1)
  5 hobgoblins
  2 jackals (D:4)
  3 kobolds
  2 quokkas
  4 frilled lizards
  3 rats
66 creatures vanquished.

Notes
Turn   | Place    | Note
-------+----------+-------------------------------------------
     0 | D:1      | randomguy2701 the Minotaur Fighter began the quest for the
                  | Orb.
     0 | D:1      | Reached XP level 1. HP: 19/19 MP: 0/0
   207 | D:1      | Reached XP level 2. HP: 27/27 MP: 1/1
   667 | D:2      | Reached skill level 1 in Dodging
   667 | D:2      | Reached XP level 3. HP: 33/33 MP: 2/2
  1316 | D:3      | Reached XP level 4. HP: 39/40 MP: 3/3
  1485 | D:3      | Reached XP level 5. HP: 36/47 MP: 4/4
  1837 | D:3      | Reached skill level 5 in Fighting
  1837 | D:3      | Reached skill level 5 in Armour
  2148 | D:4      | Reached XP level 6. HP: 55/56 MP: 5/5
  2334 | D:4      | Reached skill level 5 in Axes
  2496 | D:4      | Slain by a gnoll

Illustrated notes

Levels and vault maps discovered:
D:1:      orjb1_lava_funnel, layout_basic, serial_glass, glass_columns_c,
          glass_columns_c, glass_columns_a, glass_columns_b, glass_columns_b,
          glass_columns_a, glass_columns_a, glass_columns_a,
          kennysheep_decorative_pillar, chequers_mini_garden
D:2:      layout_loops_corners, nicolae_concentric_dashed_squares_wild,
          minivault_24
D:3:      layout_basic, wander_ebering_terrifying_dragon_lair
D:4:      layout_basic, minmay_increasing_density

Skill      XL: |  1  2  3  4  5  6 |
---------------+-------------------+-----
Fighting       | 4 5 |  5.1
Armour         | 4 5 |  5.2
Shields        | 4 |  4.4
Dodging        | 1 2 |  2.2
Axes           | 3 4 5 |  5.1
Stealth        | |  0.1

Action                     |  1- 3 |  4- 6 || total
---------------------------+-------+-------++-------
  Melee: War axe           |    52 |    97 ||   149
         Headbutt          |     4 |    14 ||    18
 Armour: Scale mail        |    22 |    39 ||    61
  Dodge: Dodged            |    27 |    50 ||    77
  Block: Buckler           |    11 |    21 ||    32

Table legend: (Time is in decaauts)
 A = Elapsed time spent in this place.
 B = Non-inter-level travel time spent in this place.
 C = Inter-level travel time spent in this place.
 D = Time resting spent in this place.
 E = Time spent auto-exploring this place.
 F = Levels seen in this place.
 G = Mean time per level.
                   A        B        C        D        E       F      G
               +--------+--------+--------+--------+--------+-----+--------+
         Total |   2546 |   2510 |     36 |      0 |   2107 |   4 |  636.5 |
       Dungeon |   2546 |   2510 |     36 |      0 |   2107 |   4 |  636.5 |
               +--------+--------+--------+--------+--------+-----+--------+

Top non-repeatable levels by time:
     D:3: 724 daAuts
     D:2: 723 daAuts
     D:1: 605 daAuts
     D:4: 493 daAuts
